 Dungeon Crawl Stone Soup version 0.30.1 (webtiles) character file.

Game seed: 3764182798339174668

311 monsoonserge the Digger (level 6, -8/44 HPs)
             Began as a Gnoll Earth Elementalist on July 12, 2023.
             Mangled by Duvessa
             ... wielding a +0 short sword
              (11 damage)
             ... on level 4 of the Dungeon.
             The game lasted 00:07:36 (2517 turns).

monsoonserge the Digger (Gnoll Earth Elementalist)  Turns: 2517, Time: 00:07:37

Health: -8/44      AC:  2    Str:  7    XL:     6   Next: 42%
Magic:  3/14       EV: 13    Int: 17    God:
Gold:   239        SH:  0    Dex: 12    Spells: 11/15 levels left

rFire   . . .        l - staff of earth
rCold   . . .        (no shield)
rNeg    . . .        a - +0 robe
rPois   .            (no helmet)
rElec   .            (no cloak)
rCorr   .            (no gloves)
SInv    .            (no boots)
Will    .....        (no amulet)
Stlth   +            o - ring of flight
HPRegen 0.27/turn    (no ring)
MPRegen 0.14/turn

%: no passive effects
@: lit by a corona, flying, glowing
A: fangs 1, strong nose, distributed training
a: no special abilities


You were on level 4 of the Dungeon.
You visited 1 branch of the dungeon, and saw 4 of its levels.

You collected 239 gold pieces.

Inventory:

Missiles
 i - 2 throwing nets
Armour
 a - a +0 robe (worn)
 g - a +0 ring mail
Magical Staves
 l - a staff of earth (weapon)
Jewellery
 e - an amulet of guardian spirit
 o - a ring of flight (left hand)
Scrolls
 c - 3 scrolls of poison {unknown}
 d - 3 scrolls of immolation {unknown}
 h - 2 scrolls of teleportation {unknown}
 k - 6 scrolls of identify {unknown}
 m - a scroll of magic mapping {unknown}
 n - a scroll of fog {unknown}
Potions
 b - 2 potions of magic
 f - 3 potions of curing {unknown}
 j - a potion of resistance {unknown}
 p - a potion of ambrosia {unknown}
 q - a potion of invisibility {unknown}


   Skills:
 + Level 2.0 Fighting
 + Level 2.0 Short Blades
 + Level 2.0 Long Blades
 + Level 2.0 Axes
 + Level 2.0 Maces & Flails
 + Level 2.0 Polearms
 + Level 2.0 Staves
 + Level 2.0 Ranged Weapons
 + Level 2.0 Throwing
 + Level 2.0 Armour
 + Level 5.0 Dodging
 + Level 4.6 Stealth
 + Level 2.0 Shields
 + Level 2.0 Unarmed Combat
 + Level 5.4 Spellcasting
 + Level 1.6 Conjurations
 + Level 1.6 Hexes
 + Level 1.6 Summonings
 + Level 1.6 Necromancy
 + Level 1.6 Translocations
 + Level 2.7 Transmutations
 + Level 1.6 Fire Magic
 + Level 1.6 Ice Magic
 + Level 1.6 Air Magic
 + Level 5.7 Earth Magic
 + Level 1.6 Poison Magic
 + Level 2.2 Invocations
 + Level 2.0 Evocations


You had 11 spell levels left.
You knew the following spells:

 Your Spells              Type           Power      Damage    Failure   Level
a - Sandblast             Erth           72%        2d16      1%          1
b - Stone Arrow           Conj/Erth      50%        3d10      9%          3

Your spell library contained the following spells:

 Spells                   Type           Power      Damage    Failure   Level
 Passwall                 Tmut/Erth      23%        N/A       3%          2
 Slow                     Hex            40%        N/A       7%          1
 Cigotuvi's Dreadful Rot  Necr/Pois/Air  20%        N/A       11%         2
 Ignite Poison            Fire/Tmut/Pois 11%        N/A       19%         3
 Confusing Touch          Hex            10%        N/A       22%         3
 Portal Projectile        Hex/Tloc       20%        N/A       22%         3
 Tukima's Dance           Hex            10%        N/A       22%         3
 Vampiric Draining        Necr           10%        2d6       22%         3
 Petrify                  Tmut/Erth      28%        N/A       24%         4
 Passage of Golubria      Tloc           10%        N/A       56%         4
 Blade Hands              Tmut           6%         N/A       77%         5
 Freezing Cloud           Conj/Ice/Air   5%         6-21      89%         5
 Silence                  Hex/Air        5%         N/A       89%         5
 Lehudib's Crystal Spear  Conj/Erth      12%        10d4      100%        8


Dungeon Overview and Level Annotations

Branches:
Dungeon (4/15)
 Temple: D:4-7

Altars:
Fedhas
Uskayaw

Annotations:
D:4 Duvessa


Innate Abilities, Weirdness & Mutations

You have very sharp teeth.
Your uncanny sense of smell can sniff out nearby items.
Your experience applies equally to all skills.


Message History

Your Long Blades skill increases to level 2!
Your Axes skill increases to level 2!
Your Maces & Flails skill increases to level 2!
Your Polearms skill increases to level 2!
Your Staves skill increases to level 2!
Your Ranged Weapons skill increases to level 2!
Your Throwing skill increases to level 2!
Your Armour skill increases to level 2!
Your Shields skill increases to level 2!
Your Unarmed Combat skill increases to level 2!
Your Evocations skill increases to level 2!
Unknown command.
Casting: Sandblast (safe; 1% risk of failure)
Confirm with . or Enter, or press ? or * to list all spells.
Aiming: Sandblast (safe; 1% risk of failure)
Press: ? - help, Shift-Dir - straight line, f - Duvessa
Aim: Duvessa, wielding a +0 short sword and wearing a +0 scale mail (berserk, fast, 88% to hit)
You feel a surge of power!
The blast of sand hits Duvessa!!
Duvessa is heavily wounded.
Duvessa hits you with a +0 short sword! Duvessa hits you with a +0 short sword.
Duvessa misses you.
Casting: Sandblast (safe; 1% risk of failure)
Confirm with . or Enter, or press ? or * to list all spells.
Aiming: Sandblast (safe; 1% risk of failure)
Press: ? - help, Shift-Dir - straight line, f/p - Duvessa
Aim: Duvessa, wielding a +0 short sword and wearing a +0 scale mail (heavily wounded, berserk, fast, 88% to hit)
You feel a surge of power!
The blast of sand hits Duvessa!
Duvessa is severely wounded.
Duvessa hits you with a +0 short sword. x2
Casting: Sandblast (safe; 1% risk of failure)
Confirm with . or Enter, or press ? or * to list all spells.
Aiming: Sandblast (safe; 1% risk of failure)
Press: ? - help, Shift-Dir - straight line, f/p - Duvessa
Aim: Duvessa, wielding a +0 short sword and wearing a +0 scale mail (severely wounded, berserk, fast, 88% to hit)
You feel a surge of power!
The blast of sand hits Duvessa.
Duvessa is severely wounded.
Duvessa hits you with a +0 short sword!
* * * LOW HITPOINT WARNING * * *
Duvessa hits you with a +0 short sword!
You die...

#.##
##g##....# .
....#e......#
# #...g.....#
#####.....#
#'###..# #)##
.# ######).##
# #........#
#.@e))♣..
#........#
######..## ∆
##


You could see Duvessa (berserk, fast).

Vanquished Creatures
  A phantom (D:3)
  Dowan (D:4)
  An orc priest (D:3)
  An orc wizard (D:3)
  3 adders
  3 gnolls (D:4)
  2 worms (D:2)
  A dart slug (D:2)
  7 orcs
  5 ball pythons
  2 bats
  5 endoplasms
  2 giant cockroaches
  5 goblins
  7 hobgoblins
  5 quokkas
  3 frilled lizards
  3 kobolds
  4 rats
61 creatures vanquished.

Notes
Turn   | Place    | Note
-------+----------+-------------------------------------------
     0 | D:1      | monsoonserge the Gnoll Earth Elementalist began the quest
                  | for the Orb.
     0 | D:1      | Reached XP level 1. HP: 13/13 MP: 6/6
   406 | D:1      | Reached XP level 2. HP: 19/19 MP: 5/7
   449 | D:1      | Found a faded altar of an unknown god.
   909 | D:2      | Reached skill level 5 in Spellcasting
   909 | D:2      | Reached XP level 3. HP: 25/25 MP: 3/9
   999 | D:2      | Reached skill level 1 in Invocations
  1232 | D:2      | Reached skill level 1 in Fighting
  1232 | D:2      | Reached skill level 1 in Short Blades
  1232 | D:2      | Reached skill level 1 in Long Blades
  1232 | D:2      | Reached skill level 1 in Axes
  1232 | D:2      | Reached skill level 1 in Maces & Flails
  1232 | D:2      | Reached skill level 1 in Polearms
  1232 | D:2      | Reached skill level 1 in Staves
  1232 | D:2      | Reached skill level 1 in Ranged Weapons
  1232 | D:2      | Reached skill level 1 in Throwing
  1232 | D:2      | Reached skill level 1 in Armour
  1232 | D:2      | Reached skill level 1 in Shields
  1232 | D:2      | Reached skill level 1 in Unarmed Combat
  1232 | D:2      | Reached skill level 1 in Evocations
  1391 | D:2      | Learned a level 3 spell: Stone Arrow
  1416 | D:3      | Reached XP level 4. HP: 32/32 MP: 9/11
  1664 | D:3      | Reached skill level 1 in Conjurations
  1664 | D:3      | Reached skill level 1 in Hexes
  1664 | D:3      | Reached skill level 1 in Summonings
  1664 | D:3      | Reached skill level 1 in Necromancy
  1664 | D:3      | Reached skill level 1 in Translocations
  1664 | D:3      | Reached skill level 1 in Fire Magic
  1664 | D:3      | Reached skill level 1 in Ice Magic
  1664 | D:3      | Reached skill level 1 in Air Magic
  1664 | D:3      | Reached skill level 1 in Poison Magic
  1942 | D:3      | Reached XP level 5. HP: 37/37 MP: 9/12
  2054 | D:3      | Found a faded altar of an unknown god.
  2058 | D:3      | Found a hide-covered altar of Uskayaw.
  2108 | D:3      | Noticed a phantom
  2115 | D:3      | Killed a phantom
  2428 | D:4      | Found a blossoming altar of Fedhas.
  2430 | D:4      | Reached XP level 6. HP: 44/44 MP: 11/13
  2476 | D:4      | Noticed Duvessa
  2509 | D:4      | Noticed Dowan
  2513 | D:4      | Reached skill level 5 in Dodging
  2514 | D:4      | Killed Dowan
  2517 | D:4      | Mangled by Duvessa

Illustrated notes

Levels and vault maps discovered:
D:1:      dpeg_arrival_rhombi, layout_loops_ring,
          ebering_ecumenical_altar_sacrificial, minmay_misc_feat_secret_circle
D:2:      kennysheep_big_flooded_room, layout_rooms, minmay_pentomino_o4
D:3:      layout_basic, nicolae_overflow_ecumenical_swirl
D:4:      minmay_octagon_keep, layout_rooms, old_standard_altar,
          overflow_temple_1_default, mainiacjoe_overflow_two_lobes,
          serial_shops, nicolae_shop_tiny_waterfront, grunt_ministairs_14,
          uniq_duvessa

Skill      XL: |  1  2  3  4  5  6 |
---------------+-------------------+-----
Transmutations | 2 |  2.7
Spellcasting   | 5 |  5.4
Invocations    | 1 2 |  2.2
Fighting       | 1 2 |  2.0
Short Blades   | 1 2 |  2.0
Long Blades    | 1 2 |  2.0
Axes           | 1 2 |  2.0
Maces & Flails | 1 2 |  2.0
Polearms       | 1 2 |  2.0
Staves         | 1 2 |  2.0
Ranged Weapons | 1 2 |  2.0
Throwing       | 1 2 |  2.0
Armour         | 1 2 |  2.0
Shields        | 1 2 |  2.0
Unarmed Combat | 1 2 |  2.0
Evocations     | 1 2 |  2.0
Conjurations   | 1 |  1.6
Hexes          | 1 |  1.6
Summonings     | 1 |  1.6
Necromancy     | 1 |  1.6
Translocations | 1 |  1.6
Fire Magic     | 1 |  1.6
Ice Magic      | 1 |  1.6
Air Magic      | 1 |  1.6
Poison Magic   | 1 |  1.6
Dodging        | 5 |  5.0
Stealth        | |  4.6
Earth Magic    | |  5.7

Action                     |  1- 3 |  4- 6 || total
---------------------------+-------+-------++-------
  Melee: Short sword       |     5 |       ||     5
         Bite              |     1 |       ||     1
         Staff             |     1 |     2 ||     3
   Cast: Sandblast         |    45 |    44 ||    89
         Stone Arrow       |       |     3 ||     3
 Armour: Robe              |     5 |     2 ||     7
  Dodge: Dodged            |    14 |     6 ||    20
